 Dungeon Crawl Stone Soup version 0.31-a0-691-g409c26aa35 (webtiles) character file.

Game seed: 14849310039429565098

225 subawu the Ruffian (level 5, -5/46 HPs)
             Began as a Draconian Chaos Knight on Sept 6, 2023.
             Was a Plaything of Xom.
             Killed by divine providence
             ... invoked by an orc priest
              (11 damage)
             ... on level 4 of the Dungeon.
             The game lasted 00:15:10 (3398 turns).

subawu the Ruffian (Draconian Chaos Knight)         Turns: 3398, Time: 00:15:12

Health: -5/46      AC: 11    Str: 19    XL:     5   Next: 68%
Magic:  5/5        EV: 13    Int: 11    God:    Xom [....*.]
Gold:   144        SH:  0    Dex: 13    Spells: 3/4 levels left

rFire   + .          .
                       - Unarmed
rCold   . . .        (no shield)
rNeg    . . .        (body armour unavailable)
rPois   .            (helmet restricted)
rElec   .            b - +1 cloak
rCorr   .            (no gloves)
SInv    .            (no boots)
Will    .....        n - amulet of regeneration
Stlth   +            g - ring of protection from cold
HPRegen 1.07/turn    a - +4 ring of protection
MPRegen 0.09/turn

%: no passive effects
@: confused, cleaving, flying, hasted, very quick
A: AC +5, unfitting armour, cold-blooded, big wings, agile 1, fire resistance 1,
strong 1, cold vulnerability 1, inability to drink after injury 2, devolution 1
a: Renounce Religion


You were on level 4 of the Dungeon.
You worshipped Xom.
You were a beloved toy of Xom.
You visited 2 branches of the dungeon, and saw 5 of its levels.

You collected 144 gold pieces.

Inventory:

Hand Weapons
 c - a +0 spear
 e - a +0 long sword
 m - the +0 dagger "Impbane" {pain, rElec Int+4}
   (You found it on level 3 of the Dungeon)

   Int+4:     It affects your intelligence (+4).
   rElec:     It insulates you from electricity.
 p - a +0 long sword
Armour
 b - a +1 cloak (worn)
Jewellery
 a - a +4 ring of protection (right hand)
 g - a ring of protection from cold (left hand)
 n - an amulet of regeneration (around neck)
Wands
 j - a wand of charming (4)
Scrolls
 d - a scroll of blinking {unknown}
 h - 2 scrolls of identify
 k - a scroll of teleportation {unknown}
 l - a scroll of revelation {unknown}
Potions
 f - a potion of might {unknown}


   Skills:
 + Level 4.1 Fighting
 + Level 3.6 Dodging
 + Level 0.9 Stealth
 + Level 4.9 Unarmed Combat


You had 3 spell levels left.
You knew the following spells:

 Your Spells              Type           Power      Damage    Failure   Level
a - Necrotise             Necr           0%         1d4       34%         1

Your spell library contained the following spells:

 Spells                   Type           Power      Damage    Failure   Level
 Vampiric Draining        Necr           0%         2d6       71%         3
 Agony                    Necr           0%         N/A       100%        5


Dungeon Overview and Level Annotations

Branches:
Dungeon (4/15)             Temple (1/1) D:4

Altars:
Cheibriados
Hepliaklqana
Nemelex Xobeh
Qazlal
Sif Muna
Trog
Vehumet
Xom
Yredelemnul
The Shining One
Lugonu


Innate Abilities, Weirdness & Mutations

Your plain brown scales are hard. (AC +5)
You cannot fit into any form of body armour.
You are cold-blooded and may be slowed by cold attacks.
Your large and strong wings let you fly.
You are agile. (Dex +4, Str/Int -1)
Your flesh is heat resistant. (rF+)
Your muscles are strong. (Str +4, Int/Dex -1)
You are vulnerable to cold. (rC-)
You sometimes lose the ability to drink potions when taking damage.
You have hidden genetic defects.


Message History

You are confused.
Okay, then.
You feel yourself speed up.
The orc hits your orc but does no damage.
The orc wizard hits your orc but does no damage.
Something hits your orc.
The orc barely misses your orc. "Take this token of my esteem."
Something appears at your feet!
The orc priest miscasts a cantrip.
Something closely misses your orc.
You see here 4 stones.
Your orc hits the kobold with a +0 club.
The orc priest invokes the aid of Beogh against you.
Pain shoots through your body!
* * * LOW HITPOINT WARNING * * *
Something closely misses your orc.
You hear some strange, mumbled words.
You are more confused.
Your white imp hits the kobold.
The kobold dies!
You hear some strange, mumbled words.
Your orc appears confused.
The orc closely misses your white imp.
Something hits your orc but does no damage.
Things that are here:
a +0 club; 8 stones; a kobold corpse Your orc barely misses something.
The orc barely misses your orc.
Something hits your orc but does no damage.
You closely miss your orc.
The orc is no longer charmed.
The orc is severely wounded. "Go forth and destroy!"
Your hands look sharp.
You are now a beloved toy of Xom.
You barely miss the orc.
The orc is severely wounded.
You miss the orc priest.
The orc priest invokes the aid of Beogh against you.
Beogh smites you!
You die...
Xom bursts into laughter!

##....................
##....................#
##...................###
#....................# ∆
.....$..............##
.......$.............#
.........<.............##
........................#
..........@o............#
.........oo5.........#..#
...........oo.......##..#
..........{.....######.##
∆ ...............## .##
.......).!....## .
..............# .# #
..........#^..# #.
.......######..# ..


You could see an orc priest, an orc wizard, 3 orcs and a friendly white imp
(summoned).

Vanquished Creatures
  Natasha (twice) (D:3)
  2 orc wizards (D:3)
  A gnoll (D:1)
  3 adders
  An adder skeleton (D:3)
  An adder zombie (D:3)
  A worm (D:4)
  An orc (D:4)
  6 ball pythons
  8 endoplasms
  4 giant cockroaches
  8 goblins
  5 hobgoblins
  2 jackals (D:2)
  5 kobolds
  3 quokkas
  2 ball python skeletons (D:3)
  2 ball python zombies (D:3)
  8 bats
  2 frilled lizards
  7 rats
  A butterfly (D:3)
75 creatures vanquished.

Vanquished Creatures (collateral kills)
  3 orcs (D:3)
  A kobold (D:4)
  A rat (D:3)
5 creatures vanquished.

Grand Total: 80 creatures vanquished

Notes
Turn   | Place    | Note
-------+----------+-------------------------------------------
     0 | D:1      | subawu the Draconian Chaos Knight began the quest for the
                  | Orb.
     0 | D:1      | Reached XP level 1. HP: 19/19 MP: 1/1
   138 | D:1      | XOM: butterfly on damage
   209 | D:1      | Reached XP level 2. HP: 26/26 MP: 2/2
   238 | D:1      | XOM: silly message
   382 | D:1      | You fall into a shaft and drop 1 floor!
   458 | D:2      | XOM: potion effect (might)
   476 | D:1      | XOM: silly message
   600 | D:1      | XOM: silly message
   604 | D:1      | Reached XP level 3. HP: 29/33 MP: 3/3
   652 | D:1      | XOM is BORED!
   652 | D:1      | XOM: silly message
   833 | D:1      | XOM: summons 2 hostile demons
   865 | D:1      | XOM: give mutations
   865 | D:1      | Gained mutation: You are somewhat resistant to further
                  | mutation. [Xom's mischief]
   865 | D:1      | Gained mutation: You occasionally lose the ability to drink
                  | potions when taking damage. [Xom's mischief]
   865 | D:1      | Gained mutation: You sometimes lose your temper in combat.
                  | [Xom's mischief]
   887 | D:1      | XOM: silly message
  1031 | D:2      | XOM: enchant monster (good)
  1284 | D:2      | XOM: give mutations
  1284 | D:2      | Gained mutation: You passively map a small area around you.
                  | [Xom's mischief]
  1284 | D:2      | Gained mutation: Your flesh is heat resistant. (rF+) [Xom's
                  | mischief]
  1284 | D:2      | Lost mutation: You are somewhat resistant to further
                  | mutation. [Xom's mischief]
  1441 | D:2      | Reached XP level 4. HP: 39/40 MP: 4/4
  1466 | D:2      | XOM is BORED!
  1466 | D:2      | XOM: give mutations
  1466 | D:2      | Gained mutation: Your muscles are strong. (Str +4, Int/Dex
                  | -1) [Xom's mischief]
  1466 | D:2      | Gained mutation: Your tail ends in a venomous barb. [Xom's
                  | mischief]
  1466 | D:2      | Gained mutation: You are vulnerable to cold. (rC-) [Xom's
                  | mischief]
  1898 | D:3      | XOM: summons 4 friendly demons
  1965 | D:3      | XOM: blink monster(s)
  2035 | D:3      | Found a shimmering altar of Xom.
  2255 | D:3      | Reached XP level 5. HP: 46/46 MP: 5/5
  2266 | D:3      | Found a basalt altar of Yredelemnul.
  2270 | D:3      | Noticed a profane servitor
  2285 | D:3      | Found a glowing golden altar of the Shining One.
  2287 | D:3      | Noticed an angel
  2758 | D:3      | Noticed Natasha
  2773 | D:3      | Killed Natasha
  2787 | D:3      | XOM: noise
  2788 | D:3      | XOM: give mutations
  2788 | D:3      | Lost mutation: You passively map a small area around you.
                  | [Xom's mischief]
  2788 | D:3      | Gained mutation: You have hidden genetic defects. [Xom's
                  | mischief]
  2788 | D:3      | Gained mutation: Your large and strong wings let you fly.
                  | [Xom's mischief]
  2818 | D:3      | Identified the +0 dagger "Impbane" {pain, rElec Int+4}
  2831 | D:3      | Learned a level 1 spell: Necrotise
  2970 | D:3      | Noticed Natasha
  2980 | D:3      | Killed Natasha
  3029 | D:3      | XOM: give mutations
  3029 | D:3      | Lost mutation: You sometimes lose your temper in combat.
                  | [Xom's mischief]
  3029 | D:3      | Lost mutation: Your tail ends in a venomous barb. [Xom's
                  | mischief]
  3029 | D:3      | Gained mutation: You are agile. (Dex +4, Str/Int -1) [Xom's
                  | mischief]
  3094 | D:4      | Found a staircase to the Ecumenical Temple.
  3114 | D:4      | Gained mutation: You sometimes lose the ability to drink
                  | potions when taking damage. [hidden defects]
  3118 | Temple   | Entered the Ecumenical Temple
  3331 | D:4      | XOM: 1-stop teleportation journey
  3379 | D:4      | XOM: blink monster(s)
  3381 | D:4      | XOM: divination: detect items
  3387 | D:4      | XOM: summons friendly white imp
  3392 | D:4      | XOM: god gift: 4 stones
  3397 | D:4      | XOM: cleaving
  3398 | D:4      | Killed from afar by an orc priest

Illustrated notes

Levels and vault maps discovered:
D:1:      tarquinn_simple_flora_water_c, layout_basic, minmay_indecisive_spiral
D:2:      layout_loops_cross
D:3:      layout_loops_corners, grunt_temple_overflow_holy_war, xom_butterflies,
          dilly_guarded_unrand_morg
D:4:      layout_layer_cave, ashenzari_conservatory_becter,
          minmay_temple_entry_tees, uniq_blork_the_orc
Temple:   corrupted_temple

Skill      XL: |  1  2  3  4 |
---------------+-------------+-----
Fighting       | 4 |  4.1
Unarmed Combat | 4 |  4.9
Dodging        | 3 |  3.6
Stealth        | |  0.9

Action                     |  1- 3 |  4- 6 || total
---------------------------+-------+-------++-------
  Melee: Unarmed           |   114 |   153 ||   267
         Tailslap          |    14 |    13 ||    27
         Punch             |     1 |       ||     1
  Evoke: Wand              |       |     1 ||     1
    Use: Scroll            |       |     9 ||     9
         Potion            |       |     1 ||     1
   Stab: Paralysed         |     3 |       ||     3
 Armour: Skin              |    87 |   141 ||   228
  Dodge: Dodged            |   116 |   179 ||   295

Table legend: (Time is in decaauts)
 A = Elapsed time spent in this place.
 B = Non-inter-level travel time spent in this place.
 C = Inter-level travel time spent in this place.
 D = Time resting spent in this place.
 E = Time spent auto-exploring this place.
 F = Levels seen in this place.
 G = Mean time per level.
                   A        B        C        D        E       F      G
               +--------+--------+--------+--------+--------+-----+--------+
         Total |   3396 |   3273 |    123 |      0 |   1807 |   5 |  679.2 |
       Dungeon |   3249 |   3126 |    123 |      0 |   1807 |   4 |  812.2 |
        Temple |    146 |    146 |      0 |      0 |      0 |   1 |  146.0 |
               +--------+--------+--------+--------+--------+-----+--------+

Top non-repeatable levels by time:
     D:3: 1248 daAuts
     D:2: 923 daAuts
     D:1: 878 daAuts
     D:4: 199 daAuts
  Temple: 146 daAuts
